 Dungeon Crawl Stone Soup version 0.27.1-4-g1640c2035a (webtiles) character file.

Game seed: 15207682428471900955

48 Icepheonix32 the Insei (level 3, 0/26 HPs)
             Began as a Demonspawn Transmuter on Nov 1, 2021.
             Slain by a goblin (1 damage)
             ... on level 2 of the Dungeon.
             The game lasted 00:02:03 (1951 turns).

Icepheonix32 the Insei (Demonspawn Transmuter)      Turns: 1951, Time: 00:02:04

Health: 0/26       AC:  2    Str: 11    XL:     3   Next: 50%
Magic:  6/6        EV: 12    Int: 20    God:
Gold:   107        SH:  0    Dex: 13    Spells: 3/6 levels left

rFire    + . .     SeeInvis .     - Unarmed
rCold    . . .     Faith    .   (no shield)
rNeg     . . .     Spirit   .   a - +0 robe
rPois    .         Reflect  .   (helmet restricted)
rElec    .         Harm     .   (no cloak)
rCorr    .         Rampage  .   (no gloves)
Will     .....                  (no boots)
Stlth    +.........             (no amulet)
HPRegen  0.08/turn              h - +6 ring of intelligence
MPRegen  0.10/turn              (no ring)

@: no status effects
A: antennae 1, powered by death 1, fire resistance 1
a: no special abilities


You were on level 2 of the Dungeon.
You visited 1 branch of the dungeon, and saw 2 of its levels.

You collected 107 gold pieces.

Inventory:

Missiles
 f - 8 poisoned darts (quivered)
Armour
 a - a +0 robe (worn)
 j - a +0 helmet
Jewellery
 h - a +6 ring of intelligence (left hand)
Wands
 g - a wand of paralysis (10)
Scrolls
 b - 2 scrolls of immolation {unknown}
 e - a scroll of teleportation {unknown}
 i - a scroll of identify {unknown}
 k - a scroll of acquirement {unknown}


   Skills:
 * Level 1.5 Fighting
 * Level 2.0 Dodging
 + Level 0.2 Stealth
 * Level 3.3 Unarmed Combat
 + Level 2.3 Spellcasting
 + Level 2.0 Transmutations


You had 3 spell levels left.
You knew the following spells:

 Your Spells              Type           Power      Damage    Failure   Level
a - Beastly Appendage     Tmut           20%        N/A       7%          1
b - Wereblood             Tmut           10%        N/A       10%         2

Your spell library contained the following spells:

 Spells                   Type           Power      Damage    Failure   Level
 Spider Form              Tmut/Pois      3%         N/A       30%         3
 Ice Form                 Ice/Tmut       6%         N/A       69%         4


Dungeon Overview and Level Annotations

Branches:
Dungeon (2/15)

Altars:

Shops:
D:2 [


Innate Abilities, Weirdness & Mutations

You have a pair of small antennae on your head.
You regenerate a little health from kills.
Your flesh is heat resistant. (rF+)


Message History

The hobgoblin hits you with a +0 dagger.
The hobgoblin closely misses you.
You hit the hobgoblin.
The hobgoblin is heavily wounded.
The hobgoblin misses you.
You hit the hobgoblin. You claw the hobgoblin.
You kill the hobgoblin!
Your talons disappear.
Unknown command.
The goblin unwields a +0 hunting sling.
The goblin wields a +0 dagger.
The goblin barely misses you. The dart slug barely misses you.
Items here: $ ) ? †.
You hit the dart slug.
The dart slug is heavily wounded.
The goblin hits you but does no damage.
You hit the dart slug.
The dart slug is severely wounded.
The goblin hits you with a +0 dagger. The dart slug launches a dart at you.
The slug dart hits you.
You are too injured to fight recklessly!
You are too injured to fight recklessly!
You are too injured to fight recklessly!
You hit the dart slug.
You kill the dart slug!
The goblin hits you with a +0 dagger.
Your Transmutations skill increases to level 2!
Unknown command.
The goblin hits you with a +0 dagger.
* * * LOW HITPOINT WARNING * * *
You barely miss the goblin. The goblin hits you with a +0 dagger.
* * * LOW HITPOINT WARNING * * *
Unknown command.
It was a potion of mutation.
You feel extremely strange.
You feel resistant to heat. The goblin hits you with a +0 dagger.
* * * LOW HITPOINT WARNING * * *
It was a potion of magic.
Magic courses through your body. The goblin hits you with a +0 dagger.
You die...

#.......## ##........
#.....#.####.........
###.......##...###.####
.............### #.#
#.##......##### #.#
#.#.........#### #.#
#...####........###.####
..##..†)##..###........)
#.....@g.#.............
#.#(.....#.#...#......).
#..#....#..#............
....#!(#....#.#.........
.....## ....# #######...
..... ....# #..... ....#
....# ........ ..# #..#.
.......#. .......#.


You could see a goblin.

Vanquished Creatures
  An adder (D:2)
  A worm (D:2)
  2 dart slugs (D:2)
  3 bats
  4 endoplasms
  A giant cockroach (D:1)
  4 hobgoblins
  2 quokkas
  A ball python (D:2)
  4 frilled lizards (D:2)
  4 goblins
  3 kobolds
  3 rats
33 creatures vanquished.

Notes
Turn   | Place    | Note
-------+----------+-------------------------------------------
     0 | D:1      | Icepheonix32 the Demonspawn Transmuter began the quest for
                  | the Orb.
     0 | D:1      | Reached XP level 1. HP: 15/15 MP: 3/3
   464 | D:1      | Reached skill level 3 in Unarmed Combat
   511 | D:1      | Gained mutation: You regenerate a little health from kills.
                  | [demonic ancestry]
   511 | D:1      | Reached XP level 2. HP: 18/21 MP: 3/5
  1195 | D:2      | Found a faded altar of an unknown god.
  1291 | D:2      | Learned a level 2 spell: Wereblood
  1434 | D:2      | Found Bazext's Antique Armour Boutique.
  1624 | D:2      | Lost mutation: You have a pair of horns on your head.
                  | [demonic ancestry]
  1624 | D:2      | Lost mutation: You have a pair of small horns on your head.
                  | [demonic ancestry]
  1624 | D:2      | Gained mutation: You have a pair of small antennae on your
                  | head. [demonic ancestry]
  1624 | D:2      | Reached XP level 3. HP: 26/26 MP: 4/6
  1950 | D:2      | Gained mutation: Your flesh is heat resistant. (rF+)
                  | [potion of mutation]
  1950 | D:2      | HP: 1/26 [goblin (1)]
  1951 | D:2      | Slain by a goblin

Illustrated notes

Levels and vault maps discovered:
D:1:      roderic_octagonal_star, layout_basic
D:2:      layout_rooms, basic_ecumenical_altar, serial_shops,
          nicolae_square_shop, minmay_circled_x

Skill      XL: |  1  2  3 |
---------------+----------+-----
Unarmed Combat | 3 |  3.3
Dodging        | 2 |  2.0
Transmutations | 2 |  2.0
Fighting       | |  1.5
Stealth        | |  0.2
Spellcasting   | |  2.3

Action                   || total
-------------------------++-------
Melee: Unarmed           ||    86
       Kick              ||    16
       Headbutt          ||     6
       Punch             ||     1
Throw: Dart              ||     2
 Cast: Beastly Appendage ||    23
  Use: Potion            ||     2
 Stab: Sleeping          ||     2
Armor: Robe              ||     7
Dodge: Dodged            ||    31
